 Dungeon Crawl Stone Soup version 0.11.0-9-gb634444 (webtiles) character file.

174 kalebevan the Skirmisher (level 4, 0/37 (39) HPs)
             Began as a Ghoul Fighter on Apr 5, 2013.
             Slain by an ogre
             ... wielding a +0,+0 giant club
              (19 damage)
             ... on Level 4 of the Dungeon.
             The game lasted 00:21:58 (3709 turns).

kalebevan the Skirmisher (Ghoul Fighter)            Turns: 3709, Time: 00:21:58

HP   0/37 (39)   AC  6     Str 19      XL: 4   Next: 33%
MP   2/2         EV  5     Int  3      God:
Gold 97          SH 17     Dex  9      Spells:  0 memorised,  3 levels left

Res.Fire  : . . .   See Invis. : .   r - -1,-2 orc trident
Res.Cold  : + . .   Warding    : .   j - +0 scale mail
Life Prot.: + + +   Conserve   : .   c - +0 shield
Res.Poison: +       Res.Corr.  : .   (no helmet)
Res.Elec. : .       Clarity    : .   (no cloak)
Sust.Abil.: . .     Spirit.Shd : .   (no gloves)
Res.Mut.  : .       Stasis     : .   (no boots)
Res.Rott. : +       Ctrl.Telep.: .   p - amulet of faith {unknown}
Saprovore : + + +   Levitation : .   (no ring) Ctrl.Flight: .
                                     (no ring)

@: rotting, slightly resistant to hostile enchantments, extremely unstealthy
A: rotting body, claws 1, carnivore 3, cold resistance 1, life protection 3,
poison resistance, saprovore 3, slow healing 1, torment resistance, unbreathing
a: no special abilities


You were on level 4 of the Dungeon.
You were not hungry.

You visited 1 branch of the dungeon, and saw 4 of its levels.

You collected 77 gold pieces.

Inventory:

Hand weapons
 i - a +0,+0 orcish whip
 r - a -1,-2 orcish trident (weapon)
Missiles
 u - a throwing net (quivered)
Armour
 b - a +0 scale mail
 c - a +0 shield (worn)
 j - a +0 scale mail (worn)
Magical devices
 o - a wand of random effects (15) {unknown}
Scrolls
 a - a scroll of magic mapping
 f - 2 scrolls of remove curse
 h - a scroll of enchant weapon I {unknown}
 n - 2 scrolls of teleportation {unknown}
 s - a scroll of identify {unknown}
Jewellery
 p - an amulet of faith (around neck) {unknown}
Potions
 d - 2 potions of heal wounds {unknown}
 e - a potion of magic {unknown}
 k - a potion of cure mutation {unknown}
 l - a potion of agility {unknown}
 m - a potion of curing {unknown}
 t - a potion of restore abilities {unknown}


   Skills:
 + Level 3,9 Fighting
 + Level 0,6 Maces & Flails
 + Level 3,1 Armour
 + Level 1,2 Dodging
 + Level 0,5 Stealth
 + Level 3,1 Shields
 + Level 2,3 Unarmed Combat


You had 3 spell levels left.
You didn't know any spells.

Dungeon Overview and Level Annotations

Branches:
Dungeon (4/27)
 Temple: D:4-7

Altars:


Innate Abilities, Weirdness & Mutations

Your body is rotting away.
You have sharp fingernails.
You are carnivorous and can eat meat at any time.
Your flesh is cold resistant.
You are immune to negative energy.
Your system is resistant to poisons.
You thrive on rotten meat.
You heal slowly.
You are immune to unholy pain and torment.
You can survive without breathing.


Message History

A kobold and an ogre come into view.
The ogre shouts!
The kobold shouts!
There is a stone staircase leading up here.
The kobold throws a poisoned dart.
You block the poisoned dart.
You see here a poisoned dart.
The kobold hits you but does no damage.
You closely miss the kobold.
The kobold hits you with an elven dagger.
You completely miss the kobold. The ogre barely misses you.
The kobold hits you but does no damage.
You closely miss the kobold. You block the ogre's attack.
The kobold hits you but does no damage.
You puncture the kobold!
You kill the kobold!
You block the ogre's attack.
You see here an elven dagger.
The ogre hits you with a giant club!
You hit the ogre but do no damage. The ogre hits you with a giant club!
Ouch! That really hurt!
You die...

##########
..........#
..........+
..........#
#..........#
#.......<..#
#.......O..#
#........@.#
#........).#
..........#
###+#######


You could see an ogre.

Vanquished Creatures
  Ijyb (D:2)
  A worm (D:3)
  2 giant geckos
  An ooze (D:3)
  An orc (D:3)
  A ball python (D:1)
  4 giant cockroaches
  4 hobgoblins (D:1)
  6 kobolds
  3 bats
  7 giant newts
  5 goblins
  6 jackals (D:2)
  8 rats
50 creatures vanquished.

Vanquished Creatures (others)
  3 elves (D:1)
  2 humans (D:1)
  3 dwarves (D:1)
  2 halflings (D:1)
  An orc (D:1)
  A kobold (D:1)
  A rat (D:1)
  A toadstool (D:1)
14 creatures vanquished.

Grand Total: 64 creatures vanquished

Notes
Turn   | Place    | Note
--------------------------------------------------------------
     0 | D:1      | kalebevan, the Ghoul Fighter, began the quest for the Orb.
     0 | D:1      | Reached XP level 1. HP: 19/19 MP: 0/0
     2 | D:1      | Killed an elf
     2 | D:1      | Killed a dwarf
     2 | D:1      | Killed an elf
     3 | D:1      | Killed a dwarf
     6 | D:1      | Noticed a dwarf
     8 | D:1      | Killed a dwarf
    13 | D:1      | Noticed a human
    15 | D:1      | Noticed a human
    16 | D:1      | Killed a human
    18 | D:1      | Killed a human
    22 | D:1      | Noticed an elf
    25 | D:1      | Killed an elf
   639 | D:1      | Reached XP level 2. HP: 15/24 MP: 1/1
  1465 | D:1      | Reached XP level 3. HP: 30/30 MP: 2/2
  2224 | D:2      | Noticed Ijyb
  2314 | D:2      | Killed Ijyb
  2314 | D:2      | Reached skill level 1 in Dodging
  2618 | D:2      | Reached XP level 4. HP: 34/37 MP: 2/2
  3700 | D:4      | Noticed an ogre
  3709 | D:4      | Slain by an ogre
